cohdb
Replays
Latest Replays
All Replays
Popular Replays
Top Player Replays
Match Explorer
How It Works
Community
CoH3 Stats
Reddit
Sign in to upload your games and track your stats! →
Sign in with Steam
Match 46077281
Unlisted
Match 46077281
Overview
Messages
Build Orders
End
Construct Section Command Post
Infantry Section
Selects Canadian Shock Battlegroup
Infantry Section
Infantry Section
Grenade Package
Selects Incendiary Munitions
Construct Field Infirmary
Construct Platoon Command Post
Selects Attacking Spirit
Selects Canadian Shock Section
Canadian Shock Section
6-pounder Anti-tank Gun Team
Selects Pyrotechnics
Construct Company Command Post
Matilda II Heavy Tank
Canadian Shock Section
Selects Churchill Crocodile Heavy Tank
Churchill Crocodile Heavy Tank
Selects Point Assault
Boonwaggle
Elvis Aaron Presley
SuperBoot
Alekel
CleanAffect
hifuj1335
Nuclear_cucumber
渴了就嘬阿罗娜
0
0
Comments
sign in to comment!
No comments posted yet!